 Dungeon Crawl Stone Soup version 0.31.0-1-g2c135a008e (webtiles) character file.

Game seed: 10718561005327045825

541 qw the Shooter (level 7, -2/52 HPs)
             Began as a Djinni Hunter on Jan 23, 2024.
             Was an Initiate of Okawaru.
             Slain by an orc
             ... wielding a +0 flail
              (6 damage)
             ... on level 5 of the Dungeon.
             The game lasted 00:00:14 (3729 turns).

qw the Shooter (Djinni Hunter)                      Turns: 3729, Time: 00:00:14

Health: -2/52      AC:  5    Str: 12 (14) XL:     7   Next: 51%
Gold:   195        EV: 11    Int:  4 (9)  God:    Okawaru [......] SH:  0 Dex: 17 (18)

rFire   + + .        a - +3 shortbow (heavy)
rCold   x . .        (shield currently unavailable)
rNeg    . . .        i - +0 ring mail
rPois   inf          (no helmet)
rElec   .            (no cloak)
rCorr   .            (no gloves)
SInv    +            (boots unavailable)
Will    .....        (no amulet)
Stlth   +            f - ring of see invisible
HPRegen 0.28/turn    (no ring)
MPRegen 0.00/turn

%: infuse magic (-3 HP)
@: about to teleport, flying
A: sickness immunity, fire resistance 2, cold vulnerability 1, float, innate
caster, HP casting, extra vitality 1, deterioration 1, strong 1
a: Renounce Religion


You were on level 5 of the Dungeon.
You worshipped Okawaru.
Okawaru was noncommittal.
You visited 2 branches of the dungeon, and saw 6 of its levels.

You collected 195 gold pieces.


Innate Abilities, Weirdness & Mutations

You are immune to sickness and miasma.
You are immune to poison.
Your flesh is very heat resistant. (rF++)
You are vulnerable to cold. (rC-)
You float through the air rather than walking.
You learn spells naturally, not from books.
Your magical power is your life essence.
You have superior vitality. (+4 MHP)
Your body sometimes deteriorates upon taking damage.
Your muscles are strong. (Str +4, Int/Dex -1)


   Skills:
 - Level 4.1 Fighting
 + Level 6.0 Ranged Weapons
 - Level 1.0 Armour
 - Level 3.1 Dodging
 - Level 0.7 Stealth


You knew the following spells:

 Your Spells              Type           Power      Damage    Failure   Level
a - Sting                 Conj/Alch      0%         1d3       78%         1
b - Jinxbite              Hex            0%         N/A       89%         2
c - Passwall              Erth           0%         N/A       98%         3
Your spell library was empty.

Inventory:

Hand Weapons
 a - a +3 heavy shortbow (weapon)
Armour
 i - a +0 ring mail (worn)
Jewellery
 f - a ring of see invisible (left hand)
Scrolls
 g - 2 scrolls of teleportation
Potions
 b - a potion of might
 d - a potion of curing
 e - a potion of magic {unknown}
 j - 2 potions of enlightenment
 k - a potion of haste
 m - a potion of brilliance {unknown}

Dungeon Overview and Level Annotations

Branches:
Dungeon (5/15)             Temple (1/1) D:4

Altars:
Cheibriados
Dithmenos
Elyvilon
Fedhas
Makhleb
Nemelex Xobeh
Okawaru
Ru
Trog
Uskayaw
Xom
Zin
The Shining One

Shops:
D:2 (


Message History

Okawaru accepts your kill.
The orc wizard gestures at you while chanting.
You are confused.
The orc hits you with a +0 flail.
The orc wizard points at you and mumbles some strange words.
The magic dart hits you. The orc hits you with a +0 war axe.
3724 ||| DRINKING 2 potions of curing.
You feel better.
3724 ||| (to cure confusion)
The orc completely misses you. The orc wizard closely misses you.
The orc misses you.
An adder comes into view.
You shoot an arrow. The adder hisses angrily.
The arrow hits the orc wizard!
You kill the orc wizard!
Okawaru accepts your kill. The orc closely misses you.
The orc hits you with a +0 war axe!
Your body deteriorates!
You feel weakened. The orc hits you with a +0 flail.
The orc hits you but does no damage.
Your Ranged Weapons skill increases to level 6!
You shoot an arrow. The arrow barely misses the adder.
The adder bites you. The orc closely misses you. The orc completely misses you.
The adder bites you. The orc hits you with a +0 flail.
The orc hits you with a +0 war axe.
3727 ||| READING 3 scrolls of teleportation.
As you read the scroll of teleportation, it crumbles to dust.
You feel strangely unstable. The adder bites you but does no damage.
The orc hits you with a +0 flail!
Your body deteriorates!
You feel dopey. The adder bites you but does no damage.
The orc barely misses you.
You shoot an arrow. The arrow hits the adder!
You kill the adder!
Okawaru accepts your kill. The orc misses you.
The orc hits you with a +0 war axe. The orc closely misses you.
You shoot an arrow. The arrow hits the orc!
You kill the orc!
Okawaru accepts your kill. The orc hits you with a +0 flail.
You die...

.# ##... .###########
##...# ...........#
..^.# .##.######.# #...#
.##........# #...####
.##.#####..# #.(.#..
###.#####..### #...#.#
....#
.......######...#.#####.
....#
#.#.......@).....)..))..
..).#
#.#.#.....o))<....#.)...
...##
#....................o.?
..(#
#..##..######...#.......
#####.#...#..#
#...####### #........#
#...# #####.#### #...#
#.# #...# ###.#####


You could see an orc.

Vanquished Creatures
  An ogre (D:4)
  A wight (D:4)
  An orc priest (D:5)
  A bombardier beetle (D:3)
  A hound (D:4)
  A sleepcap (D:4)
  2 iguanas (D:4)
  An orc wizard (D:5)
  4 gnolls (D:5)
  7 adders
  2 ribbon worms
  3 dart slugs
  11 orcs
  9 ball pythons
  4 bats
  7 endoplasms
  3 giant cockroaches
  9 goblins
  7 hobgoblins
  5 quokkas
  4 frilled lizards
  10 kobolds
  11 rats
105 creatures vanquished.

Notes
Turn   | Place    | Note
-------+----------+-------------------------------------------
     0 | D:1      | qw the Djinni Hunter began the quest for the Orb.
     0 | D:1      | Reached XP level 1. HP: 18/18 MP: 0/0
     0 | D:1      | 0 ||| qw: Version: 0.3-a-136-gdd3b4e8
     0 | D:1      | 0 ||| qw: Game counter: 1157
     0 | D:1      | 0 ||| qw: Melee chars always use a shield: true
     0 | D:1      | 0 ||| qw: God list: Okawaru
     0 | D:1      | 0 ||| qw: Allow faded altars: false
     0 | D:1      | 0 ||| qw: Do Orc after clearing Dungeon:15 true
     0 | D:1      | 0 ||| qw: Do second Lair branch before Depths: true
     0 | D:1      | 0 ||| qw: Lair rune preference: random
     0 | D:1      | 0 ||| qw: Goals: Normal
     0 | D:1      | 0 ||| PLANNING D:1-11
    91 | D:1      | Reached XP level 2. HP: 23/23 MP: 0/0
   199 | D:1      | Reached XP level 3. HP: 24/28 MP: 0/0
   199 | D:1      | Learned a level 1 spell: Sting
   247 | D:1      | Reached skill level 4 in Ranged Weapons
   679 | D:1      | 679 ||| UPGRADING to +0 ring mail.
   689 | D:1      | 689 ||| DROPPING +0 leather armour.
   690 | D:1      | 690 ||| READING 2 scrolls labelled DEAROI HEECUSI.
   690 | D:1      | 690 ||| ENCHANTING +0 shortbow.
   691 | D:1      | 691 ||| READING scroll of enchant weapon.
   691 | D:1      | 691 ||| ENCHANTING +1 shortbow.
   692 | D:1      | 692 ||| READING scroll labelled SEEKHL ZECES.
   693 | D:1      | 693 ||| READING scroll labelled KAEPSYC DANK.
   693 | D:1      | 693 ||| IDENTIFYING puce potion
   694 | D:1      | 694 ||| READING 2 scrolls labelled NAFEFUKEVA.
   699 | D:1      | 699 ||| READING scroll labelled LAUSENU BIABOFF.
   800 | D:1      | 800 ||| READING scroll labelled TUTI WOASIASU.
   901 | D:1      | 901 ||| DROPPING scroll of butterflies.
   952 | D:2      | Reached skill level 1 in Armour
  1027 | D:2      | Reached XP level 4. HP: 28/34 MP: 0/0
  1093 | D:2      | Reached skill level 3 in Fighting
  1149 | D:2      | Found Yvacuu's Antique Weapon Shop.
  1814 | D:2      | 1814 ||| READING scroll of identify.
  1814 | D:2      | 1814 ||| IDENTIFYING viscous ruby potion
  1815 | D:2      | 1815 ||| READING scroll labelled TOCSUO GIQAN.
  1841 | D:3      | 1841 ||| PLANNING SEWER
  1904 | D:3      | Reached XP level 5. HP: 40/40 MP: 0/0
  1904 | D:3      | Learned a level 2 spell: Jinxbite
  2559 | D:3      | 2559 ||| RIP SEWER
  2560 | D:3      | 2560 ||| PLANNING D:1-11
  2566 | D:3      | Reached skill level 5 in Ranged Weapons
  2713 | D:3      | Found a faded altar of an unknown god.
  2822 | D:3      | 2822 ||| READING scroll of identify.
  2822 | D:3      | 2822 ||| IDENTIFYING amethyst potion
  2823 | D:3      | 2823 ||| READING scroll labelled ZELEME MOGAAGI.
  2823 | D:3      | 2823 ||| BRANDING +2 shortbow.
  2824 | D:3      | 2824 ||| READING 2 scrolls labelled LOECEA IPHOT.
  2825 | D:3      | 2825 ||| DRINKING 2 green potions.
  2826 | D:3      | 2826 ||| DROPPING potion of attraction.
  2827 | D:3      | 2827 ||| DROPPING scroll of amnesia.
  2972 | D:4      | Reached skill level 3 in Dodging
  2972 | D:4      | Reached XP level 6. HP: 46/46 MP: 0/0
  2983 | D:4      | Found a staircase to the Ecumenical Temple.
  2984 | D:4      | 2984 ||| PLANNING TEMPLE
  2985 | D:4      | Noticed an ogre
  2990 | D:4      | Killed an ogre
  3029 | D:4      | 3029 ||| UPGRADING to ring of see invisible.
  3030 | D:4      | 3030 ||| DRINKING 2 cyan potions.
  3031 | D:4      | 3031 ||| DROPPING potion of degeneration.
  3037 | Temple   | Entered the Ecumenical Temple
  3038 | Temple   | 3038 ||| PLANNING OKAWARU WORSHIP
  3061 | Temple   | Became a worshipper of Warmaster Okawaru
  3062 | Temple   | 3062 ||| PLANNING D:1-11
  3195 | D:4      | 3195 ||| READING scroll of enchant weapon.
  3195 | D:4      | 3195 ||| ENCHANTING +2 heavy shortbow.
  3247 | D:4      | Reached XP level 7. HP: 42/52 MP: 0/0
  3247 | D:4      | Learned a level 3 spell: Passwall
  3606 | D:4      | 3606 ||| READING scroll of identify.
  3606 | D:4      | 3606 ||| IDENTIFYING murky cyan potion
  3607 | D:4      | 3607 ||| DRINKING potion of mutation.
  3607 | D:4      | Gained mutation: Your body sometimes deteriorates upon
                  | taking damage. [potion of mutation]
  3607 | D:4      | Gained mutation: Your muscles are strong. (Str +4, Int/Dex
                  | -1) [potion of mutation]
  3608 | D:4      | 3608 ||| READING scroll labelled UPYILE LEMIWOH.
  3608 | D:4      | 3608 ||| ENCHANTING +3 heavy shortbow.
  3609 | D:4      | 3609 ||| DRINKING 2 blue potions.
  3618 | D:5      | Entered Level 5 of the Dungeon
  3640 | D:5      | Found a sacrificial altar of Ru.
  3713 | D:5      | 3713 ||| FLEEEEING.
  3714 | D:5      | 3714 ||| FLEEEEING.
  3716 | D:5      | 3716 ||| FLEEEEING.
  3717 | D:5      | 3717 ||| FLEEEEING.
  3718 | D:5      | 3718 ||| FLEEEEING.
  3719 | D:5      | 3719 ||| FLEEEEING.
  3724 | D:5      | 3724 ||| DRINKING 2 potions of curing.
  3724 | D:5      | 3724 ||| (to cure confusion)
  3726 | D:5      | Reached skill level 6 in Ranged Weapons
  3726 | D:5      | HP: 12/52 [orc/+0 war axe (6)]
  3727 | D:5      | 3727 ||| READING 3 scrolls of teleportation.
  3727 | D:5      | HP: 4/52 [orc/+0 flail (8)]
  3729 | D:5      | Slain by an orc

Levels and vault maps discovered:
D:1:      dpeg_arrival_ternary, layout_basic, minmay_vboxes
D:2:      layout_basic, serial_shops, nicolae_shop_hallway_stairs
D:3:      layout_basic, gup_sewer_entry_bowl,
          shapermc_ecumenical_altar_mp_vishouse, minmay_close_crescents
D:4:      layout_cave_pools, minmay_temple_entry_arrows,
          minmay_misc_feat_four_crosses, minmay_small_thing
D:5:      layout_loops_cross, mainiacjoe_overflow_boulevard,
          nicolae_hepliaklqana_hippocampus, serial_shops,
          nicolae_shop_just_a_little_nook, amethyst_killhole
Temple:   regret_index_temple_generic_petals

Skill      XL: |  1  2  3  4  5  6  7 |
---------------+----------------------+-----
Ranged Weapons | 4 5 6 |  6.0
Armour         | 1 |  1.0
Fighting       | 3 4 |  4.1
Dodging        | 3 |  3.1
Stealth        | |  0.7

Action                     |  1- 3 |  4- 6 |  7- 9 || total
---------------------------+-------+-------+-------++-------
   Fire: Shortbow          |    93 |   165 |    30 ||   288
    Use: Scroll            |     7 |     6 |     3 ||    16
         Potion            |       |     2 |     3 ||     5
 Armour: Leather armour    |    17 |       |       ||    17
         Ring mail         |     3 |    54 |    33 ||    90
  Dodge: Dodged            |    29 |    41 |    19 ||    89

Table legend:
 A = Non-vault XP
 B = Vault XP
 C = Vault XP percentage of total XP
 D = Non-vault monster count
 E = Vault monster count
 F = Vault count percentage of total count
                 A         B        C        D         E       F
            +---------+---------+-------+---------+---------+-------
      Total |     682 |      94 |  12.1 |      89 |      16 |  15.2
            +---------+---------+-------+---------+---------+-------
        D:1 |      34 |      10 |  22.7 |      23 |       5 |  17.9
        D:2 |      88 |       0 |   0.0 |      19 |       0 |   0.0
        D:3 |      99 |      14 |  12.4 |      23 |      10 |  30.3
        D:4 |     308 |      70 |  18.5 |      15 |       1 |   6.2
        D:5 |     153 |       0 |   0.0 |       9 |       0 |   0.0
            +---------+---------+-------+---------+---------+-------
